 Dungeon Sprint DCSS version 0.21-a0-104-g7b58145 (webtiles) character file.

2844 Kidiri the Fighter (level 9, -1/85 HPs)
             Began as a Pale Draconian Transmuter on July 5, 2017.
             Was a High Priest of Wu Jian.
             Slain by a lindwurm (13 damage)
             ... in the Dungeon (Sprint VII: "The Pits").
             The game lasted 00:05:11 (1009 turns).

Kidiri the Fighter (Pale Draconian Transmuter)      Turns: 1009, Time: 00:05:12

Health: -1/85      AC: 11    Str: 14    XL:     9   Next: 46%
Magic:  17/21      EV: 18    Int: 13    God:    Wu Jian [*****.]
Gold:   0          SH:  0    Dex: 17    Spells: 10/25 levels left

rFire    . . .     SeeInvis .     - Unarmed
rCold    . . .     Gourm    .   (shield currently unavailable)
rNeg     . . .     Faith    .   (armour unavailable)
rPois    .         Spirit   .   (helmet restricted)
rElec    .         Reflect  .   (no cloak)
rCorr    .         Harm     .   (gloves currently unavailable)
MR       .....     NoTele   +   s - +0 pair of boots
Stlth    ++........             (no amulet)
HPRegen  0.24/turn              p - +3 ring of protection
MPRegen  0.17/turn              q - +3 ring of dexterity

@: lethally poisoned (-1 -> -71), exhausted, blade hands, glowing, heavenly
storm
A: breathe steam, unfitting armour, cold-blooded, AC +7
a: Breathe Steam, End Transformation, Serpent's Lash, Heavenly Storm, Renounce
Religion


You were in the Dungeon.
You worshipped Wu Jian.
Wu Jian was extremely pleased with you.
You were very full.
You had blades for hands.
You visited 1 branch

Inventory:

Missiles
 a - 12 arrows
Armour
 s - a +0 pair of boots (worn)
Jewellery
 p - a +3 ring of protection (left scythe-like blade)
 q - a +3 ring of dexterity (right scythe-like blade)
Scrolls
 i - a scroll of blinking
 k - 3 scrolls of remove curse
 l - 5 scrolls of amnesia
 m - a scroll of summoning
Potions
 d - 6 potions of curing
 e - 8 potions of heal wounds
 f - 2 potions of haste
 g - 4 potions of magic
 h - 3 potions of berserk rage
 j - 2 potions of invisibility
 r - 2 potions of agility
Books
 b - a book of Changes

   Spells                             Type                      Level
   a - Beastly Appendage              Transmutation                1
   b - Sticks to Snakes               Transmutation                2
   c - Spider Form                    Transmutation/Poison         3
   d - Ice Form                       Ice/Transmutation            4
   e - Blade Hands                    Transmutation                5
Comestibles
 c - 8 bread rations
 n - 29 fruits
 o - 7 meat rations
 t - 5 chunks of flesh


   Skills:
 * Level 10.3 Fighting
 * Level 8.9 Dodging
 + Level 6.4 Stealth
 * Level 9.7 Unarmed Combat
 * Level 8.8 Spellcasting
 + Level 6.8 Transmutations
 + Level 4.6 Ice Magic
 + Level 6.1 Poison Magic


You had 10 spell levels left.
You knew the following spells:

 Your Spells              Type           Power        Failure   Level  Hunger
a - Beastly Appendage     Tmut           ###...       13%         1    None
b - Sticks to Snakes      Tmut           ###.....     16%         2    None
c - Spider Form           Tmut/Pois      ###.......   24%         3    ##.....
d - Ice Form              Ice/Tmut       ###.....     50%         4    ####...
e - Blade Hands           Tmut           ###.......   63%         5    #####..


Dungeon Overview and Level Annotations

Branches:
Dungeon (1/1)

Altars:
Ashenzari
Cheibriados
Dithmenos
Elyvilon
Fedhas
Gozag
Hepliaklqana
Kikubaaqudgha
Makhleb
Nemelex Xobeh
Okawaru
Qazlal
Ru
Sif Muna
Trog
Uskayaw
Vehumet
Wu Jian
Xom
Yredelemnul
Zin
The Shining One
Beogh
Jiyva
Lugonu


Innate Abilities, Weirdness & Mutations

You can breathe blasts of scalding, opaque steam.
Your pale cyan-grey scales are hard. (AC +7)
You cannot fit into any form of body armour.
You are cold-blooded and may be slowed by cold attacks.


Message History

Unknown command.
You spin and attack the sea snake.
You barely miss the sea snake.
Your tail-slap misses the sea snake.
The sea snake is heavily wounded.
You spin and attack the lindwurm.
You slice the lindwurm!!
The lindwurm is severely wounded.
* * * LOW HITPOINT WARNING * * *
You feel very sick. The sea snake closely misses you.
The lindwurm barely misses you. The lindwurm claws you.
* * * LOW HITPOINT WARNING * * *
The lindwurm claws you.
* * * LOW HITPOINT WARNING * * *
Unknown command.
You feel much better.
You feel very sick. The sea snake bites you!
* * * LOW HITPOINT WARNING * * *
The lindwurm bites you!
You die...

......##''#
......##..#
......##..# +#
..<...##.)# #.##
......##.)# #...##
......##..####§§§§.#
......##...##§§§§§§#
########...§§§§kS§§+
########...##§§§@§§#
.#..[.##..####§§§§§#
.#..[[##..# ##§§§##
.+..))##..# ##.##
.#..))##..# #+#
.#..))##..#
###########


You could see a sea snake and a lindwurm.

Vanquished Creatures
  A phantasmal warrior (D)
  A black mamba (D)
  A hellwing (D)
  A red devil (D)
  A troll (D)
  A flying skull (D)
  Sigmund (D)
  A redback (D)
  A fire bat (D)
  A floating eye (D)
  A black bear (D)
  A sky beast (D)
  An ogre (D)
  2 wolves (D)
  A necrophage (D)
  A crimson imp (D)
  2 jellies (D)
  A worker ant (D)
  An adder (D)
  A gnoll (D)
  An ufetubus (D)
  An ooze (D)
  A leopard gecko (D)
  3 jackals (D)
  A ball python (D)
  A frilled lizard (D)
  A giant cockroach zombie (D)
  A jackal skeleton (D)
32 creatures vanquished.

Notes
Turn   | Place    | Note
-------+----------+-------------------------------------------
     0 | D        | Kidiri the Draconian Transmuter began the quest for the Orb.
     0 | D        | Reached XP level 1. HP: 16/16 MP: 3/3
    19 | D        | Reached skill level 2 in Fighting
    19 | D        | Reached XP level 2. HP: 24/24 MP: 2/5
    50 | D        | Found a bloodstained altar of Trog.
    50 | D        | Found a deep blue altar of Sif Muna.
    50 | D        | Found a viscous altar of Jiyva.
    50 | D        | Found a hazy altar of Hepliaklqana.
    50 | D        | Found an opulent altar of Gozag.
    51 | D        | Found a glowing golden altar of the Shining One.
    51 | D        | Found a glowing silver altar of Zin.
    51 | D        | Found a basalt altar of Yredelemnul.
    51 | D        | Found a shimmering altar of Xom.
    51 | D        | Found an ornate altar of the Wu Jian Council.
    51 | D        | Found a sacrificial altar of Ru.
    51 | D        | Found a stormy altar of Qazlal.
    51 | D        | Found an iron altar of Okawaru.
    51 | D        | Found a sparkling altar of Nemelex Xobeh.
    51 | D        | Found a burning altar of Makhleb.
    51 | D        | Found a blossoming altar of Fedhas.
    51 | D        | Found a white marble altar of Elyvilon.
    51 | D        | Found a shadowy altar of Dithmenos.
    51 | D        | Found a snail-covered altar of Cheibriados.
    53 | D        | Found a radiant altar of Vehumet.
    53 | D        | Found a corrupted altar of Lugonu.
    53 | D        | Found a roughly hewn altar of Beogh.
    54 | D        | Found a hide-covered altar of Uskayaw.
    54 | D        | Found an ancient bone altar of Kikubaaqudgha.
    54 | D        | Found a shattered altar of Ashenzari.
    60 | D        | Became a worshipper of the Wu Jian Council
    81 | D        | Reached skill level 1 in Stealth
    81 | D        | Reached XP level 3. HP: 26/30 MP: 4/7
    84 | D        | Reached skill level 3 in Fighting
    88 | D        | Learned a level 2 spell: Sticks to Snakes
    92 | D        | Learned a level 3 spell: Spider Form
   146 | D        | Reached * piety under Wu Jian
   155 | D        | Reached ** piety under Wu Jian
   187 | D        | Reached *** piety under Wu Jian
   250 | D        | Noticed a floating eye
   250 | D        | Noticed a black bear
   252 | D        | Noticed a fire bat
   252 | D        | Noticed a wolf
   255 | D        | Paralysed by a floating eye for 4 turns
   261 | D        | Killed a floating eye
   261 | D        | Reached skill level 5 in Fighting
   261 | D        | Reached skill level 5 in Unarmed Combat
   261 | D        | Reached XP level 4. HP: 23/42 MP: 2/10
   261 | D        | Reached XP level 5. HP: 27/48 MP: 2/11
   274 | D        | Killed a fire bat
   274 | D        | Reached skill level 6 in Fighting
   274 | D        | Reached skill level 5 in Dodging
   274 | D        | Reached skill level 5 in Spellcasting
   274 | D        | Reached XP level 6. HP: 45/57 MP: 0/14
   276 | D        | Reached **** piety under Wu Jian
   276 | D        | Reached skill level 7 in Fighting
   277 | D        | Reached skill level 5 in Transmutations
   277 | D        | Your scales start taking on a pale cyan-grey colour.
   277 | D        | Reached XP level 7. HP: 47/66 MP: 1/16
   296 | D        | Learned a level 4 spell: Ice Form
   302 | D        | Learned a level 5 spell: Blade Hands
   516 | D        | Noticed a redback
   519 | D        | Killed a redback
   519 | D        | Reached skill level 1 in Ice Magic
   715 | D        | Reached ***** piety under Wu Jian
   715 | D        | Reached skill level 8 in Fighting
   721 | D        | Reached skill level 5 in Stealth
   754 | D        | Noticed Sigmund
   754 | D        | Noticed a black mamba
   754 | D        | Noticed a flying skull
   761 | D        | Killed a flying skull
   761 | D        | Reached XP level 8. HP: 68/75 MP: 12/18
   762 | D        | Killed a black mamba
   762 | D        | Reached skill level 9 in Fighting
   762 | D        | Reached skill level 5 in Poison Magic
   762 | D        | Killed Sigmund
   898 | D        | Noticed a red devil
   899 | D        | Noticed a hellwing
   901 | D        | Killed a red devil
   906 | D        | Killed a hellwing
   906 | D        | Reached XP level 9. HP: 63/85 MP: 10/21
  1000 | D        | Noticed a sea snake
  1000 | D        | Noticed a lindwurm
  1000 | D        | Noticed a troll
  1000 | D        | Noticed a phantasmal warrior
  1004 | D        | Killed a troll
  1005 | D        | Killed a phantasmal warrior
  1005 | D        | Reached skill level 10 in Fighting
  1009 | D        | Slain by a lindwurm

Vault maps used:
D:        pitsprint

Skill      XL: |  1  2  3  4  5  6  7  8  9 |
---------------+----------------------------+-----
Fighting       | 2 5 6 7 8 9 10 | 10.3
Dodging        | 2 3 4 5 6 7 8 |  8.9
Stealth        | 1 2 3 4 5 6 |  6.4
Unarmed Combat | 4 5 6 7 8 9 |  9.7
Spellcasting   | 3 4 5 6 7 8 |  8.8
Transmutations | 3 4 5 6 |  6.8
Poison Magic   | 2 3 4 5 6 |  6.1
Ice Magic      | 2 4 |  4.6

Action                   |  1- 3 |  4- 6 |  7- 9 || total
-------------------------+-------+-------+-------++-------
Melee: Unarmed           |    30 |    14 |    35 ||    79
       Kick              |     2 |       |       ||     2
       Punch             |     1 |       |       ||     1
       Tailslap          |       |     1 |     2 ||     3
 Cast: Beastly Appendage |     2 |       |       ||     2
       Spider Form       |     4 |       |     2 ||     6
       Blade Hands       |       |       |     3 ||     3
       Ice Form          |       |       |     1 ||     1
Invok: Serpent's Lash    |       |       |     2 ||     2
       Heavenly Storm    |       |       |     2 ||     2
 Abil: End Transformatio |       |       |     1 ||     1
  Use: Potion            |       |     2 |     4 ||     6
 Stab: Sleeping          |     1 |       |     3 ||     4
  Eat: Fruit             |       |       |    11 ||    11
Armor: Skin              |     7 |     3 |     7 ||    17
Dodge: Dodged            |    31 |    31 |    15 ||    77
